← All builds
Suicide front / Armada / Factory first / OBSERVED BUILD

Standard suicide front

Armada Suicide front build order · Supreme Isthmus

The role's baseline: Bot Lab at 0:21 then straight into reclaim-fed T1 bot production to contest the middle and hold until T2 arrives, with an Advanced Metal Extractor around 9:45.

#rush · 2043 distinct matches · 235 players · 72% of Armada Suicide front games · team won 59% of 2421 · Recently observed

HOW TO PLAY IT

Key timing: Bot Lab by 0:20

  1. Open with mex and lab-first to get Bot Lab up by 0:20.
  2. Expand mex and wind while lab pumps units toward middle.
  3. Push Sentry and early Rocketeer, Centurion to contest middle.
  4. Get T2 constructor out once Pond's boost lets you spare metal.
  5. Upgrade mex to Advanced Metal Extractor as you transition off T1 spam.

Phase by phase

TYPICAL OF ITS 2043 GAMES
  1. 1
  2. 2
  3. 3
PLAY THE OPENING

Follow the example game's first 6:00 step by step: what to build now, what comes next, and where it goes. At 1× it keeps pace with your own game.

  1. 1

    Bot Lab first

    Order
    1. Bot LabBot Lab done ~0:25, middle half 0:20–0:33

    Some games also: mex (44%)

  2. 2

    Bot Lab to 5:00

    Economy
    • Metal Extractor5Mex
    • Wind Turbine4Wind
    Builders
    • Construction Bot3 Con bot
    • Lazarus2 Lazarus
    Army
    • Sentry4 Sentry
    • Rocketeer16 Rocketeer
    • Tick2 Tick
    • Centurion1 Centurion
    Other
    • Radar Tower1 Radar Tower

    Some games also: pawn (37%) · con turret (34%)

    By 5:00 in all: 5 mex · 4 wind

    The example game in this phase · 35 steps
    1. LazarusLazarus ×2
    2. Construction BotCon bot ×2
    3. PawnPawn
    4. Mex
    5. PawnPawn ×2
    6. Mex
    7. PawnPawn ×2
    8. Construction BotCon bot
    9. Mex
    10. CenturionCenturion
    11. Wind
    12. CenturionCenturion
    13. SentrySentry
    14. Wind
    15. CenturionCenturion
    16. SentrySentry
    17. Wind
    18. RocketeerRocketeer ×3
    19. Wind
    20. RocketeerRocketeer ×3
    21. Wind
    22. Con turret
    23. RocketeerRocketeer
    24. Radar TowerRadar Tower
    25. SentrySentry
    26. Wind
    27. RocketeerRocketeer ×2
    28. Wind
    29. RocketeerRocketeer
    30. Wind
    31. RocketeerRocketeer
    32. Wind
    33. RocketeerRocketeer ×2
    34. Wind
    35. RocketeerRocketeer ×2
  3. 3

    5:00 to 10:00

    Economy
    • Metal Extractor1Mex
    • Wind Turbine15Wind
    Builders
    • Construction Turret2 Con turret
    • Lazarus2 Lazarus
    • Construction Bot1 Con bot
    Army
    • Sentry1 Sentry
    • Rocketeer8 Rocketeer

    Some games also: pawn (49%) · Radar Tower (46%) · tick (45%) · centurion (44%) · energy storage (42%) · eat Bot Lab (31%)

    By 10:00 in all: 6 mex · 21 wind · 1 energy storage · 2 con turret

    The example game in this phase · 124 steps
    1. RocketeerRocketeer ×2
    2. Wind
    3. RocketeerRocketeer ×6
    4. Wind
    5. RocketeerRocketeer ×2
    6. PawnPawn
    7. Wind
    8. PawnPawn ×6
    9. Wind
    10. PawnPawn ×5
    11. Wind
    12. PawnPawn ×8
    13. Wind
    14. PawnPawn ×4
    15. Advanced Metal ExtractorT2 mexdone 8:18 · typical 9:46
    16. PawnPawn
    17. Wind
    18. PawnPawn ×3
    19. Wind
    20. PawnPawn ×2
    21. Wind
    22. PawnPawn ×3
    23. Advanced Metal ExtractorT2 mex
    24. PawnPawn
    25. Wind
    26. PawnPawn ×3
    27. Wind
    28. Mex
    29. PawnPawn ×5
    30. Advanced Metal ExtractorT2 mex
    31. PawnPawn ×12
    32. Wind
    33. Advanced Metal ExtractorT2 mex
    34. PawnPawn ×5
    35. Wind
    36. PawnPawn ×5
    37. Wind
    38. PawnPawn ×2
    39. Construction BotCon bot ×2
    40. Wind
    41. Advanced Metal ExtractorT2 mex
    42. PawnPawn ×3
    43. Wind
    44. PawnPawn
    45. Fortification WallFortification Wall
    46. Wind
    47. Fortification WallFortification Wall
    48. PawnPawn
    49. Fortification WallFortification Wall
    50. PawnPawn
    51. Fortification WallFortification Wall
    52. Wind
    53. Fortification WallFortification Wall
    54. PawnPawn
    55. Fortification WallFortification Wall
    56. PawnPawn
    57. Fortification WallFortification Wall
    58. Advanced Metal ExtractorT2 mex
    59. PawnPawn
    60. Wind ×2
    61. PawnPawn ×3
    62. Wind
    63. PawnPawn
    64. Wind
    65. PawnPawn
    66. Wind
    67. PawnPawn ×2
    68. Wind
    69. PawnPawn ×3
    70. Wind ×2
    71. PawnPawn ×2
    72. RattlesnakeRattlesnakedone 14:06
    73. Wind
    74. PawnPawn ×2
    75. Con turret
    76. Wind ×2
    77. PawnPawn
    78. Wind
    79. PawnPawn
    80. Con turret
    81. Wind ×2
    82. Con turret
    83. PawnPawn
    84. Wind
    85. Con turret
    86. PawnPawn
    87. Con turret
    88. Wind ×2
    89. Vehicle PlantVehicle Plantdone 14:15
    90. PawnPawn ×2
    91. Bot LabBot Labdone 14:23
    92. Wind
    93. Pit BullPit Bull
    94. PawnPawn
    95. BlitzBlitz
    96. PawnPawn
    97. BlitzBlitz
    98. TickTick
    99. Wind
    100. PawnPawn
    101. Wind
    102. BlitzBlitz
    103. TickTick
    104. PawnPawn
    105. BlitzBlitz
    106. PawnPawn
    107. TickTick
    108. BlitzBlitz
    109. PawnPawn
    110. TickTick
    111. Wind
    112. BlitzBlitz
    113. PawnPawn
    114. TickTick
    115. BlitzBlitz
    116. TickTick
    117. PawnPawn
    118. BlitzBlitz
    119. Wind
    120. TickTick
    121. PawnPawn
    122. Wind ×2
    123. BlitzBlitz
    124. TickTick

Counts are medians over the build's games: half of them build more, half fewer. The example game is ObeIix's (31 OS, 28/09/2026); pick another.

Team trades

IN AT LEAST 30% OF ITS GAMES

You hand over

Nothing regular.

You get

  • Tidal Generator4 Tidal from Pondfirst at 0:11 · in 68% of games
  • Advanced Construction Bot1 T2 con bot from Geo or Techfirst at 7:41 · in 57% of games

How it plays out

Typical game of this build, running totals by minute

Metal produced

010k20k
0:005:0010:0015:00

metal

Enemy metal destroyed

05k10k
0:005:0010:0015:00

metal

Own metal lost

05k10k
0:005:0010:0015:00

metal

2421 games.

Show as table
ByMetal produced: This buildEnemy metal destroyed: This buildOwn metal lost: This build
1:0023000
2:0088600
3:002007184130
4:003108642501
5:0041841348997
6:00534921851706
7:00653930602588
8:00775739393500
9:00903347044382
10:001040053145148
11:001188458575955
12:001357264066673
13:001539468757437
14:001729075038209
15:001925781168981
WHAT THE NUMBERS SAY

Standard Suicide front play wins a bit over half its games while taking the heaviest own losses of any role by 15:00.

  • + Produces 20142 metal by 15:00, highest of the front roles.
  • + First kill by 2:01 in all games, fastest contest of middle.
  • − Own metal lost hits 9178 by 15:00, more than enemy metal destroyed.
  • − Only 34% Rocketeer share shows army spread thin across many bot types.
THE EXAMPLE YOU ARE READING

ObeIix

30.9 OS · 28/09/2026

Open source match ↗

12 received units · includes a constructor
634 metal received · 15006 energy received

Allied construction assistance is unknown. Timings are observations, not a promise of solo reproducibility.

Typical milestones

Bot Lab0:25Middle 50%: 0:20–0:33 · n=2413
Advanced Metal Extractor9:46Middle 50%: 8:50–10:59 · n=1749

Played most by

_X_264games of this buildPlatinumBlonde188games of this buildXad165games of this buildTrapCaT109games of this buildImmort80games of this build